[Event "OEBRO 85th Anniversary GM 2021"]
[Site "Copenhagen"]
[Date "2021.10.24"]
[Round "9.8"]
[White "Simonsen, Carsten"]
[Black "Jacobsen, Mikkel Manosri"]
[Result "1/2-1/2"]
[ECO "D00"]
[WhiteElo "2218"]
[BlackElo "2293"]
[Annotator "ChessBase"]
[PlyCount "84"]
[EventDate "2021.10.18"]
[EventType "swiss"]
[EventCountry "DEN"]
[SourceTitle "playchess.com"]
[Source "ChessBase"]
[SourceQuality "1"]
[TimeControl "40/5400+30:900+30"]

1. d4 d5 2. Bf4 Nf6 3. e3 c5 4. c3 Nc6 5. Nd2 cxd4 6. exd4 Bg4 7. Ngf3 e6 8. Qb3 Bd6 9. Qxb7 O-O 10. Ne5 Na5 11. Qa6 Qc7 12. h3 Bf5 13. g4 Bg6 14. Nxg6 Bxf4 15. Nxf4 Qxf4 16. Qxa5 Ne4 17. O-O-O Nxf2 18. Ba6 Nxd1 19. Rxd1 Qg3 20. Bf1 g5 21. Qa6 Kg7 22. Qe2 Rfc8 23. Nf3 Rab8 24. Rd3 Qf4+ 25. Nd2 a5 26. Rf3 Qd6 27. Qe3 h6 28. Qe5+ Qxe5 29. dxe5 d4 30. Rd3 dxc3 31. bxc3 Rc5 32. Re3 a4 33. a3 Rc6 34. Kc2 Rcb6 35. Re4 Rb2+ 36. Kc1 Ra2 37. Rxa4 Rbb2 38. Rd4 Rc2+ 39. Kd1 Rxc3 40. Rd3 Raxa3 41. Rxc3 Rxc3 42. Ke2 Rc5 1/2-1/2